 Dungeon Crawl Stone Soup version 0.30-a0-364-gf6b3ef1049 (webtiles) character file.

Game seed: 4961092118806281799

238 marietta the Skirmisher (level 6, -1/35 HPs)
             Began as a Kobold Hunter on Nov 15, 2022.
             Slain by a black bear (5 damage)
             ... on level 3 of the Dungeon.
             The game lasted 00:06:20 (2363 turns).

marietta the Skirmisher (Kobold Hunter)             Turns: 2363, Time: 00:06:20

Health: -1/35      AC:  3    Str:  8    XL:     6   Next: 28%
Magic:  6/6        EV: 14    Int: 11    God:
Gold:   99         SH:  0    Dex: 20    Spells: 5/5 levels left

rFire   . . .      SeeInvis .    b - +1 short sword (venom)
rCold   . . .      Faith    .    (no shield)
rNeg    . . .      Spirit   .    c - +0 leather armour
rPois   .          Reflect  .    (no helmet)
rElec   .          Harm     .    (no cloak)
rCorr   .          Rampage  .    (no gloves)
Will    .....                    (no boots)
Stlth   ++++......               (no amulet)
HPRegen 0.25/turn                (no ring)
MPRegen 0.10/turn                (no ring)

@: no status effects
A: small, no large weapons, nightstalker 3
a: no special abilities


You were on level 3 of the Dungeon.
You visited 1 branch of the dungeon, and saw 5 of its levels.

You collected 99 gold pieces.

Inventory:

Hand Weapons
 a - a +0 shortbow
 b - a +1 short sword of venom (weapon)
Armour
 c - a +0 leather armour (worn)
Wands
 q - a wand of iceblast (3)
Scrolls
 d - a scroll of amnesia {unknown}
 g - a scroll of immolation
 j - a scroll of blinking {unknown}
 k - 5 scrolls of teleportation {unknown}
 l - 2 scrolls of identify {unknown}
 o - 2 scrolls of brand weapon {unknown}
 r - a scroll of enchant weapon {unknown}
Potions
 e - a potion of degeneration {unknown}
 f - a potion of invisibility {unknown}
 h - a potion of curing {unknown}
 i - 2 potions of haste
 m - a potion of might {unknown}
 n - a potion of brilliance {unknown}
 p - a potion of ambrosia {unknown}


   Skills:
 - Level 2.1 Fighting
 + Level 0.7 Short Blades
 - Level 8.1 Ranged Weapons
 - Level 2.4 Dodging
 * Level 5.0 Stealth


You had 5 spell levels left.
You didn't know any spells.
Your spell library contained the following spells:

 Spells                   Type           Power      Damage    Failure   Level
 Blink                    Tloc           0%         N/A       61%         2
 Cigotuvi's Dreadful Rot  Necr/Pois/Air  0%         N/A       61%         2
 Momentum Strike          Conj/Tloc      0%         3d8       61%         2
 Lesser Beckoning         Tloc           0%         N/A       83%         3
 Dispel Undead            Necr           0%         3d6       99%         4
 Death Channel            Necr           0%         N/A       100%        6


Dungeon Overview and Level Annotations

Branches:
Dungeon (5/15)
 Temple: D:4-7

Altars:

Annotations:
D:5 Pikel


Innate Abilities, Weirdness & Mutations

You are small and have problems with some larger weapons.
You are completely attuned to the shadows.


Message History

You feel sick.
You are no longer poisoned.
The adder bites you but does no damage. The adder attacks as you move away!
The adder bites you but does no damage. The adder misses you.
You kill the adder!
Your Stealth skill increases to level 5!
You start resting.
HP restored.
You see here an adder corpse.
q - a wand of iceblast (3)
r - a scroll labelled FICANGE RAHYIL A rat comes into view.
The helpless rat fails to defend itself.
You puncture the rat!
You kill the rat!
Found a stone staircase leading up.
There is a stone staircase leading up here.
A black bear comes into view.
The helpless black bear fails to defend itself.
You impale the black bear!!
The black bear looks as sick as possible!
The black bear is severely wounded.
The black bear bites you.
The black bear claws you but does no damage.
The black bear barely misses you.
The black bear attacks as you move away!
The black bear bites you. The black bear misses you.
The black bear claws you but does no damage.
The black bear goes berserk!
The black bear attacks as you move away!
The black bear bites you! The black bear claws you. x2
* * * LOW HITPOINT WARNING * * *
The black bear bites you.
* * * LOW HITPOINT WARNING * * *
The black bear misses you. The black bear barely misses you.
The black bear attacks as you move away!
The black bear barely misses you. The black bear completely misses you.
The black bear claws you.
You die...

##†)....
..##..#
........
...#.
........
...
#.#####.
#.# #.# #.#
#.# #.# #.#
#h#########
#.@....<..#
#########.#
#.# #.# #.#
#.# #.#
#.#########
#..........


You could see a black bear (berserk, extremely poisoned).

Vanquished Creatures
  A black bear (D:5)
  2 lemures (D:5)
  A necrophage (D:5)
  2 adders (D:3)
  A worm (D:2)
  5 dart slugs
  An orc (D:3)
  4 ball pythons
  2 endoplasms (D:1)
  4 giant cockroaches
  4 goblins
  5 hobgoblins
  6 jackals
  A quokka (D:2)
  6 bats
  A frilled lizard (D:3)
  6 kobolds
  11 rats
63 creatures vanquished.

Notes
Turn   | Place    | Note
-------+----------+-------------------------------------------
     0 | D:1      | marietta the Kobold Hunter began the quest for the Orb.
     0 | D:1      | Reached XP level 1. HP: 12/12 MP: 1/1
    91 | D:1      | Reached XP level 2. HP: 17/17 MP: 2/2
   377 | D:1      | Reached skill level 6 in Ranged Weapons
   607 | D:1      | Reached XP level 3. HP: 21/21 MP: 3/3
  1098 | D:2      | Reached XP level 4. HP: 26/26 MP: 4/4
  1633 | D:3      | You fall into a shaft and drop 2 floors!
  1633 | D:5      | Entered Level 5 of the Dungeon
  1639 | D:5      | Noticed a necrophage
  1651 | D:5      | Killed a necrophage
  1652 | D:5      | Reached skill level 7 in Ranged Weapons
  1652 | D:5      | Reached XP level 5. HP: 11/30 MP: 5/5
  1742 | D:5      | Noticed a black bear
  1752 | D:5      | Killed a black bear
  1753 | D:5      | Reached skill level 8 in Ranged Weapons
  1753 | D:5      | Reached XP level 6. HP: 29/35 MP: 6/6
  1890 | D:5      | Noticed Pikel
  2216 | D:3      | Reached skill level 5 in Stealth
  2354 | D:3      | Noticed a black bear
  2363 | D:3      | Slain by a black bear

Illustrated notes

Levels and vault maps discovered:
D:1:      co_arrival_hexagon_in_a_hexagon, layout_loops_ring
D:2:      layout_loops_ring
D:3:      layout_loops_ring, minmay_misc_feat_secret_circle
D:4:      layout_loops_corners, makhleb_heckhound_becter,
          mainiacjoe_overflow_concentric_impassable, grunt_gozag_breadcrumbs,
          uniq_eustachio
D:5:      layout_loops_ring, overflow_temple_1_default,
          minmay_temple_entry_offerings, enter_ossuary_4, patterned_corridor,
          uniq_pikel, uniq_ijyb

Skill      XL: |  1  2  3  4  5  6 |
---------------+-------------------+-----
Stealth        | 2 3 4 5 |  5.0
Ranged Weapons | 6 7 8 |  8.1
Fighting       | |  2.1
Short Blades   | |  0.7
Dodging        | |  2.4

Action                   |  1- 3 |  4- 6 || total
-------------------------+-------+-------++-------
Melee: Short sword       |    12 |    29 ||    41
 Fire: Shortbow          |    52 |    50 ||   102
  Use: Potion            |       |     1 ||     1
 Stab: Sleeping          |     3 |     7 ||    10
Armor: Leather armour    |     4 |    21 ||    25
Dodge: Dodged            |    16 |    69 ||    85

Table legend: (Time is in decaauts)
 A = Elapsed time spent in this place.
 B = Non-inter-level travel time spent in this place.
 C = Inter-level travel time spent in this place.
 D = Time resting spent in this place.
 E = Time spent auto-exploring this place.
 F = Levels seen in this place.
 G = Mean time per level.
                   A        B        C        D        E       F      G
               +--------+--------+--------+--------+--------+-----+--------+
         Total |   2366 |   2320 |     46 |    192 |   1731 |   5 |  473.2 |
       Dungeon |   2366 |   2320 |     46 |    192 |   1731 |   5 |  473.2 |
               +--------+--------+--------+--------+--------+-----+--------+

Top non-repeatable levels by time:
     D:2: 793 daAuts
     D:1: 737 daAuts
     D:3: 420 daAuts
     D:5: 322 daAuts
     D:4: 92 daAuts
